 Dungeon Crawl Stone Soup version 0.30-a0-808-g6e0788376e (webtiles) character file.

Game seed: 2818415304080038356

39 cforsyth the Sneak (level 3, -2/22 HPs)
             Began as a Kobold Brigand on Feb 27, 2023.
             Slain by a goblin
             ... wielding a +0 club
             ... led by Robin
              (3 damage)
             ... on level 2 of the Dungeon.
             The game lasted 00:01:25 (1135 turns).

cforsyth the Sneak (Kobold Brigand)                 Turns: 1135, Time: 00:01:26

Health: -2/22      AC:  3    Str:  5 (8)  XL:     3   Next: 70%
Magic:  3/3        EV: 14    Int: 11 (12) God:
Gold:   127        SH:  0    Dex: 15 (18) Spells: 2/2 levels left

rFire   . . .      SeeInvis .    a - +2 dagger
rCold   . . .      Faith    .    (no shield)
rNeg    . . .      Spirit   .    b - +0 robe
rPois   .          Reflect  .    (no helmet)
rElec   .          Harm     .    c - +0 cloak
rCorr   .          Rampage  .    (no gloves)
Will    .....                    (no boots)
Stlth   ++++                     (no amulet)
HPRegen 0.23/turn                (no ring)
MPRegen 0.08/turn                (no ring)

@: lethally poisoned (-2 -> -8)
A: small, no large weapons, nightstalker 3
a: no special abilities


You were on level 2 of the Dungeon.
You visited 1 branch of the dungeon, and saw 2 of its levels.

You collected 127 gold pieces.

Inventory:

Hand Weapons
 a - a +2 dagger (weapon)
Missiles
 d - 9 poisoned darts (quivered)
 e - 3 curare-tipped darts
 h - 2 atropa-tipped darts
Armour
 b - a +0 robe (worn)
 c - a +0 cloak (worn)
Scrolls
 f - a scroll of immolation {unknown}
 g - a scroll of fear {unknown}
 k - a scroll of teleportation


   Skills:
 + Level 2.7 Fighting
 + Level 3.4 Short Blades
 - Level 2.1 Throwing
 + Level 2.1 Dodging
 + Level 5.8 Stealth


You had 2 spell levels left.
You didn't know any spells.
Your spell library was empty.

Dungeon Overview and Level Annotations

Branches:
Dungeon (2/15)

Altars:

Annotations:
D:2 Robin


Innate Abilities, Weirdness & Mutations

You are small and have problems with some larger weapons.
You are completely attuned to the shadows.


Message History

The goblin barely misses you. The giant cockroach closely misses you.
The goblin hits you with a +0 club. The goblin closely misses you.
The hobgoblin hits you but does no damage.
The goblin misses you. The goblin hits you with a +0 club.
* * * LOW HITPOINT WARNING * * *
The goblin shouts!
Okay, then.
It was a potion of degeneration.
There was something very wrong with that liquid.
You feel weakened.
You feel dopey.
You feel clumsy. The adder barely misses you.
The giant cockroach closely misses you. The goblin closely misses you.
The goblin barely misses you. The goblin hits you with a +0 club.
* * * LOW HITPOINT WARNING * * *
The hobgoblin hits you.
* * * LOW HITPOINT WARNING * * *
The goblin misses you. The goblin hits you but does no damage.
The adder barely misses you.
As you read the scroll labelled QUNOSUODGH SOOCO, it crumbles to dust.
It is a scroll of identify.
Really abort (and waste the scroll)? [Y]es or [N]o only, please.
Really abort (and waste the scroll)? [Y]es or [N]o only, please.
Really abort (and waste the scroll)? [Y]es or [N]o only, please.
Really abort (and waste the scroll)? [Y]es or [N]o only, please.
Really abort (and waste the scroll)? [Y]es or [N]o only, please.
Really abort (and waste the scroll)?
k - a scroll of teleportation The giant cockroach misses you.
The adder bites you.
* * * LOW HITPOINT WARNING * * *
You are lethally poisoned!
The adder poisons you! The goblin barely misses you.
The goblin closely misses you. x2
The hobgoblin hits you but does no damage.
The goblin misses you. The goblin hits you with a +0 club.
You die...

...#########
...#....)#.##########
.gggg................
..ggSg.....#.####.###
..Kg@g.....#.#..'.'..
...Bgg)....#.#..#)#.⌠
##..b......#.#'##.###
#.........#........
##........#.#'##.###
#.#..'.+.) #.#).#.#..
#.####.##' ........


You could see Robin, an adder, a giant cockroach, 2 hobgoblins, 8 goblins, a bat
and a kobold.

Vanquished Creatures
  2 worms (D:2)
  A dart slug (D:1)
  2 ball pythons
  2 endoplasms
  3 giant cockroaches
  2 goblins (D:2)
  4 hobgoblins
  4 kobolds
  A quokka (D:2)
  6 bats
  2 rats
29 creatures vanquished.

Notes
Turn   | Place    | Note
-------+----------+-------------------------------------------
     0 | D:1      | cforsyth the Kobold Brigand began the quest for the Orb.
     0 | D:1      | Reached XP level 1. HP: 12/12 MP: 1/1
   349 | D:1      | Reached XP level 2. HP: 13/18 MP: 2/2
   791 | D:2      | Reached XP level 3. HP: 22/22 MP: 3/3
   802 | D:2      | Identified the +2 ring mail of Omission {Str+3}
   987 | D:2      | Noticed Robin
  1134 | D:2      | HP: 1/22 [hobgoblin[Robin] (2)]
  1135 | D:2      | Slain by a goblin

Illustrated notes

Levels and vault maps discovered:
D:1:      amcnicky_arrival_choice, layout_loops_ring
D:2:      minmay_door_path, layout_rooms, minmay_domino_2, uniq_robin

Skill      XL: |  1  2  3 |
---------------+----------+-----
Short Blades   | 3 |  3.4
Dodging        | 2 |  2.1
Fighting       | |  2.7
Throwing       | |  2.1
Stealth        | |  5.8

Action                     || total
---------------------------++-------
  Melee: Dagger            ||    67
         Punch             ||     1
    Use: Scroll            ||     1
         Potion            ||     1
   Stab: Sleeping          ||    18
 Armour: Robe              ||    17
  Dodge: Dodged            ||    60

Table legend: (Time is in decaauts)
 A = Elapsed time spent in this place.
 B = Non-inter-level travel time spent in this place.
 C = Inter-level travel time spent in this place.
 D = Time resting spent in this place.
 E = Time spent auto-exploring this place.
 F = Levels seen in this place.
 G = Mean time per level.
                   A        B        C        D        E       F      G
               +--------+--------+--------+--------+--------+-----+--------+
         Total |   1124 |   1098 |     26 |      0 |    919 |   2 |  562.0 |
       Dungeon |   1124 |   1098 |     26 |      0 |    919 |   2 |  562.0 |
               +--------+--------+--------+--------+--------+-----+--------+

Top non-repeatable levels by time:
     D:1: 755 daAuts
     D:2: 369 daAuts
